 Dungeon Crawl Stone Soup version 0.28.0-43-g3370ac3207 (webtiles) character file.

Game seed: 15892461871495316439

437 Peloso the Covered (level 6, -8/56 HPs)
             Began as a Minotaur Fighter on Mar 23, 2022.
             Was an Initiate of Okawaru.
             Mangled by a gnoll shaman
             ... wielding a +2 whip of venom
              (10 damage)
             ... in the Ecumenical Temple.
             The game lasted 00:05:35 (3513 turns).

Peloso the Covered (Minotaur Fighter)               Turns: 3513, Time: 00:05:39

Health: -8/56      AC: 10    Str: 20    XL:     6   Next: 69%
Magic:  5/5        EV:  7    Int:  5    God:    Okawaru [......]
Gold:   63         SH:  0    Dex: 12    Spells: 5/5 levels left

rFire   . . .      SeeInvis .   a - +0 long sword
rCold   . . .      Faith    .   c - +0 buckler
rNeg    . . .      Spirit   .   o - +0 chain mail
rPois   .          Reflect  .   (helmet restricted)
rElec   .          Harm     .   (no cloak)
rCorr   .          Rampage  .   (no gloves)
Will    .....                   (no boots)
Stlth   ..........              (no amulet)
HPRegen 0.18/turn               (no ring)
MPRegen 0.09/turn               (no ring)

@: confused, brilliant, lethally poisoned (-8 -> -25), lit by a corona,
ambrosia-drunk, glowing
A: horns 2, retaliatory headbutt
a: Renounce Religion


You were in the Ecumenical Temple.
You worshipped Okawaru.
Okawaru was noncommittal.
You visited 2 branches of the dungeon, and saw 6 of its levels.

You collected 87 gold pieces.
You spent 24 gold pieces at shops.

Inventory:

Hand Weapons
 a - a +0 long sword (weapon)
Armour
 b - a +0 scale mail
 c - a +0 buckler (worn)
 o - a +0 chain mail (worn)
Wands
 l - a wand of iceblast (4)
Scrolls
 e - a scroll of enchant armour
 g - a scroll of noise
 h - a scroll of fear
 i - 2 scrolls of immolation
 j - a scroll of amnesia {unknown}
 k - a scroll of vulnerability {unknown}
Potions
 d - a potion of might
 m - a potion of brilliance


   Skills:
 + Level 5.0 Fighting
 + Level 4.7 Long Blades
 + Level 5.9 Armour
 + Level 1.5 Dodging
 + Level 0.7 Stealth
 + Level 5.0 Shields


You had 5 spell levels left.
You didn't know any spells.
Your spell library was empty.

Dungeon Overview and Level Annotations

Branches:
Dungeon (5/15)             Temple (1/1) D:5

Altars:
Dithmenos
Gozag
Hepliaklqana
Makhleb
Okawaru
Qazlal
Vehumet
Yredelemnul
Zin

Shops:
D:1 [:   D:2 *(

Annotations:
D:4 Eustachio


Innate Abilities, Weirdness & Mutations

You have a pair of horns on your head.
You reflexively headbutt those who attack you in melee.


Message History

The gnoll shaman hits you but does no damage.
You barely miss the gnoll shaman.
The gnoll shaman is moderately wounded.
You feel very sick. You block the gnoll shaman's attack.
Unknown command.
It was a potion of brilliance.
You feel clever all of a sudden.
You feel sick.
The gnoll shaman hits you but does no damage.
You are lethally poisoned!
It was a potion of curing.
You feel better.
The gnoll shaman calls down the wrath of its god upon you.
You are outlined in light.
Unknown command.
You hit the gnoll shaman but do no damage.
The gnoll shaman is moderately wounded.
The gnoll shaman hits you but does no damage.
The gnoll shaman hits you with a +2 whip of venom.
You are poisoned.
Unknown command.
You completely miss the gnoll shaman.
The gnoll shaman is moderately wounded.
You feel very sick.
The gnoll shaman hits you but does no damage.
You are more poisoned.
You closely miss the gnoll shaman.
The gnoll shaman is moderately wounded.
* * * LOW HITPOINT WARNING * * *
You feel very sick.
The gnoll shaman hits you with a +2 whip of venom!
* * * LOW HITPOINT WARNING * * *
You are more poisoned.
It was a potion of ambrosia.
You are confused.
You feel invigorated.
* * * LOW HITPOINT WARNING * * *
You feel very sick.
The gnoll shaman hits you with a +2 whip of venom!
You die...

## ### ##############
.###.###...#........#
..#...#....#........#
...#.#.....#....@...#
...........##..)g...#
...#'#......##......#
..##.##......#(#....#
###...####.....##...#
##...##.##'....#####
#.._..#...#........#
##...##._.##.......#
#.P.#.....#.......#


You could see a gnoll shaman.

Vanquished Creatures
  An ice beast (Temple)
  A hound (D:5)
  A jelly (Temple)
  Ijyb (D:3)
  An orc wizard (D:3)
  2 killer bee zombies (D:5)
  A hound zombie (D:5)
  6 gnolls
  3 adders
  2 adder skeletons
  2 worms
  3 dart slugs
  7 orcs
  7 endoplasms
  3 giant cockroaches
  8 goblins
  8 hobgoblins
  4 kobolds
  4 quokkas
  8 ball pythons
  7 bats
  4 frilled lizards
  2 rats
86 creatures vanquished.

Notes
Turn   | Place    | Note
-------+----------+-------------------------------------------
     0 | D:1      | Peloso the Minotaur Fighter began the quest for the Orb.
     0 | D:1      | Reached XP level 1. HP: 19/19 MP: 0/0
   130 | D:1      | Found Qemoy's Book Shop.
   169 | D:1      | Reached XP level 2. HP: 27/27 MP: 1/1
   254 | D:1      | Found Potao's Armour Emporium.
   552 | D:1      | Reached XP level 3. HP: 33/33 MP: 2/2
  1308 | D:2      | Found Huckora's Weapon Emporium.
  1573 | D:2      | Found Jasidgh's General Store.
  1576 | D:2      | Bought a scroll of identify for 24 gold pieces
  1653 | D:3      | Reached XP level 4. HP: 40/40 MP: 3/3
  2153 | D:3      | Reached skill level 5 in Armour
  2153 | D:3      | Reached XP level 5. HP: 34/47 MP: 4/4
  2256 | D:3      | Reached skill level 1 in Dodging
  2258 | D:3      | Found a faded altar of an unknown god.
  2461 | D:3      | Noticed Ijyb
  2472 | D:3      | Killed Ijyb
  2698 | D:4      | Noticed Eustachio
  2738 | D:5      | Entered Level 5 of the Dungeon
  2871 | D:5      | Found a staircase to the Ecumenical Temple.
  2885 | Temple   | Entered the Ecumenical Temple
  3120 | Temple   | Became a worshipper of Warmaster Okawaru
  3165 | D:5      | Noticed an ice beast
  3174 | Temple   | Reached XP level 6. HP: 39/53 MP: 5/5
  3454 | Temple   | Killed an ice beast
  3455 | Temple   | Reached skill level 5 in Fighting
  3499 | D:5      | Reached skill level 5 in Shields
  3513 | Temple   | HP: 2/56 [poisoned by a gnoll shaman]
  3513 | Temple   | Mangled by a gnoll shaman

Illustrated notes

Levels and vault maps discovered:
D:1:      lemuel_arrival_river_ford, layout_loops_ring, serial_shops, shop,
          nicolae_shop_advertising_works [nicolae_subvault_shop_adworks],
          minmay_crystal_water
D:2:      layout_rooms, serial_shops, nicolae_shop_behind_doors, shop
D:3:      layout_rooms, hellmonk_ecumenical_altar_blasted, interstate_on_off,
          uniq_ijyb
D:4:      layout_loops_ring, st_stairs_9, uniq_robin, uniq_eustachio,
          uniq_edmund, uniq_menkaure
D:5:      layout_cave_pools, temple_fountains, kennysheep_generic_room_13
Temple:   regret_index_temple_generic_petals

Skill      XL: |  1  2  3  4  5  6 |
---------------+-------------------+-----
Armour         | 4 5 |  5.9
Fighting       | 4 5 |  5.0
Shields        | 4 5 |  5.0
Long Blades    | 3 4 |  4.7
Dodging        | 1 |  1.5
Stealth        | |  0.7

Action                   |  1- 3 |  4- 6 || total
-------------------------+-------+-------++-------
Melee: Long sword        |   110 |   129 ||   239
       Headbutt          |    16 |    20 ||    36
  Use: Scroll            |     4 |       ||     4
       Potion            |       |     3 ||     3
Armor: Scale mail        |    58 |    65 ||   123
       Chain mail        |       |    12 ||    12
Dodge: Dodged            |    44 |    82 ||   126
Block: Buckler           |    22 |    43 ||    65
